 Dungeon Crawl Stone Soup version 0.21.1-1-g345015f (webtiles) character file.

9 shakethe the Cudgeler (level 2, 0/22 HPs)
             Began as a Demonspawn Gladiator on Feb 16, 2018.
             Slain by a goblin
             ... wielding a +0 dagger
              (2 damage)
             ... on level 1 of the Dungeon.
             The game lasted 00:00:37 (138 turns).

shakethe the Cudgeler (Demonspawn Gladiator)         Turns: 138, Time: 00:00:37

Health: 0/22       AC:  3    Str: 14    XL:     2   Next: 3%
Magic:  2/2        EV: 12    Int:  9    God:
Gold:   12         SH:  0    Dex: 14    Spells: 1/1 levels left

rFire    . . .     SeeInvis .   a - +0 flail
rCold    . . .     Gourm    .   (no shield)
rNeg     . . .     Faith    .   b - +0 leather armour
rPois    .         Spirit   .   (helmet restricted)
rElec    .         Reflect  .   (no cloak)
rCorr    .         Harm     .   (no gloves)
MR       .....                  (no boots)
Stlth    +.........             (no amulet)
HPRegen  0.07/turn              (no ring)
MPRegen  0.08/turn              (no ring)

@: no status effects
A: horns 1
a: no special abilities


You were on level 1 of the Dungeon.
You were not hungry.

You visited 1 branch of the dungeon, and saw 1 of its levels.

You collected 12 gold pieces.

Inventory:

Hand Weapons
 a - a +0 flail (weapon)
Missiles
 d - 3 throwing nets {=f, !d}
Armour
 b - a +0 leather armour (worn)
 c - a +0 helmet
Scrolls
 e - a scroll of identify {unknown}
 h - a scroll of fear {unknown}
 i - a scroll of remove curse {unknown}
Potions
 g - a potion of ambrosia {unknown}
 j - a potion of brilliance {unknown}
Comestibles
 f - 2 rations


   Skills:
 - Level 2.1 Fighting
 * Level 3.0 Maces & Flails
 - Level 1.8 Throwing
 + Level 2.8 Dodging


You had one spell level left.
You didn't know any spells.

Dungeon Overview and Level Annotations

Branches:
Dungeon (1/15)

Altars:


Innate Abilities, Weirdness & Mutations

You have a pair of small horns on your head.


Message History

A hobgoblin comes into view. It is wielding a club.
The hobgoblin shouts!
You sock the hobgoblin!
You kill the hobgoblin!
No target in view!
No target in view!
No target in view!
No target in view!
No target in view!
No target in view!
No target in view!
No target in view!
No target in view!
No target in view!
No target in view!
No target in view!
j - a white potion No target in view!
No target in view!
No target in view!
No target in view!
No target in view!
No target in view!
You see here a club.
f - 2 rations (gained 1)
A goblin comes into view. It is wielding a dagger.
Health restored: 16 A kobold comes into view.
A bat comes into view.
The kobold shouts!
The goblin closely misses you.
You closely miss the goblin. The goblin hits you but does no damage.
You hit the goblin but do no damage. The goblin barely misses you.
A bat comes into view.
You hit the goblin but do no damage.
The bat moves out of view.
The goblin hits you with a dagger.
The kobold throws a stone.
The stone closely misses you. The goblin hits you with a dagger.
The kobold throws a stone.
The stone hits you but does no damage.
A goblin comes into view. It is wielding a dagger.
You closely miss the goblin.
The goblin shouts!
The goblin hits you but does no damage.
You miss the goblin. The goblin hits you with a dagger. The kobold hits you.
You are too injured to fight recklessly!
You are too injured to fight recklessly!
You are too injured to fight recklessly!
You are too injured to fight recklessly!
You are too injured to fight recklessly!
You are too injured to fight recklessly!
You are too injured to fight recklessly!
You are too injured to fight recklessly!
You take 8 damage, and have 8/16 hp.
MASSIVE DAMAGE!!
The bat barely misses you.
The kobold throws a stone.
The stone barely misses you. The bat completely misses you. The bat misses you.
The bat hits you but does no damage. x2
The bat closely misses you. The bat barely misses you.
The bat hits you but does no damage. The bat barely misses you. x2
The bat hits you but does no damage. x2
The bat closely misses you. The bat hits you.
A goblin opens the door.
You take 1 damage, and have 7/16 hp.
You barely miss the bat. The bat closely misses you. The bat barely misses you.
The kobold throws a stone.
The stone barely misses you. The bat closely misses you. The bat hits you.
You take 1 damage, and have 6/16 hp.
You barely miss the bat. The bat barely misses you. The bat closely misses you.
The bat barely misses you. The goblin completely misses you.
The kobold throws a stone.
The stone closely misses you.
The stone completely misses the bat.
The bat closely misses you. The goblin closely misses you.
You hit the bat.
You kill the bat!
Your Maces & Flails skill increases to level 3!
You have reached level 2!
Your demonic ancestry asserts itself...
A pair of horns grows on your head!
Your +0 helmet falls away!
The bat hits you. The bat barely misses you. The goblin hits you with a dagger.
MP restored: 2 The bat hits you.
* * * LOW HITPOINT WARNING * * *
You take 1 damage, and have 6/22 hp.
You open the door.
A goblin comes into view.
The goblin shouts!
You hear a shout!
The bat completely misses you. The kobold hits you but does no damage.
The goblin hits you but does no damage.
A kobold comes into view.
It is wielding an enchanted short sword.
The kobold shouts!
There is an open door here.
You closely miss the goblin. You headbutt the goblin. The bat hits you.
* * * LOW HITPOINT WARNING * * *
The kobold hits you.
* * * LOW HITPOINT WARNING * * *
The goblin hits you but does no damage. x2; The kobold hits you.
* * * LOW HITPOINT WARNING * * *
The goblin hits you with a dagger.
You die...

#........#
#........#
#.[......#
+.........
###.....K..#
##.P≈≈≈≈
...........
....P≈≈≈
#.g......#
#...P≈≈
###@####
#....P≈
#.gKg..#
#.....P
#......#
#......
#......#
#......
##.b..##
#...... #....#
#......
#####.'.#####
#......
#.......(...#
#.....P
#.#...........#
#....P≈


You could see 3 goblins, a bat and 2 kobolds.

Vanquished Creatures
  A dart slug (D:1)
  2 bats (D:1)
  A giant cockroach (D:1)
  A hobgoblin (D:1)
  A rat (D:1)
6 creatures vanquished.

Notes
Turn   | Place    | Note
-------+----------+-------------------------------------------
     0 | D:1      | shakethe the Demonspawn Gladiator began the quest for the Orb.
     0 | D:1      | Reached XP level 1. HP: 16/16 MP: 1/1
   132 | D:1      | Reached skill level 3 in Maces & Flails
   132 | D:1      | Gained mutation: You have a pair of small horns on your head. [demonic ancestry]
   132 | D:1      | Reached XP level 2. HP: 9/22 MP: 2/2
   138 | D:1      | HP: 5/22 [bat (1)]
   138 | D:1      | HP: 2/22 [kobold (2)]
   138 | D:1      | Slain by a goblin

Skill      XL: |  1 |
---------------+----+-----
Maces & Flails | 3 |  3.0
Fighting       | |  2.1
Throwing       | |  1.8
Dodging        | |  2.8

Action                   || total
-------------------------++-------
Melee: Flail             ||    22
       Headbutt          ||     1
 Stab: Sleeping          ||     1
Armor: Leather armour    ||    20
Dodge: Dodged            ||    37

Vault maps used:
D:1:      eino_arrival_druids_welcome, serial_bayou, serial_bayou_pond_c,
          serial_bayou_pond_b, serial_bayou_lagoon_a, serial_bayou_crossing

Table legend:
 A = Turns spent in this place as a percentage of turns spent in the entire game.
 B = Non-inter-level travel turns spent in this place as a percentage of non-inter-level travel turns spent in the entire game.
 C = Inter-level travel turns spent in this place as a percentage of turns spent in this place.
 D = Turns resting spent in this place as a percentage of non-inter-level travel turns spent in this place.
 E = Turns spent auto-exploring this place as a percentage of non-inter-level travel turns spent in this place.
 F = Non-inter-level travel turns spent in this place divided by the number of levels of this place that you've seen.
                   A       B       C       D       E      F
               +-------+-------+-------+-------+-------+----------------------
         Total | 100.0 | 100.0 |   0.0 |   0.0 |  39.9 | 138.0
       Dungeon | 100.0 | 100.0 |   0.0 |   0.0 |  39.9 | 138.0
               +-------+-------+-------+-------+-------+----------------------

Table legend:
 A = Kills in this place as a percentage of kills in entire the game.
 B = Kills by you in this place as a percentage of kills by you in the entire game.
 C = Kills by friends in this place as a percentage of kills by friends in the entire game.
 D = Other kills in this place as a percentage of other kills in the entire game.
 E = Experience gained in this place as a percentage of experience gained in the entire game.
 F = Experience gained in this place divided by the number of levels of this place that you have seen.
                   A       B       C       D       E      F
               +-------+-------+-------+-------+-------+----------------------
         Total | 100.0 | 100.0 |   N/A |   N/A | 100.0 |  13.0
       Dungeon | 100.0 | 100.0 |   N/A |   N/A | 100.0 |  13.0
               +-------+-------+-------+-------+-------+----------------------
